Map: Thunderbird LE

Players

Vindicta - Winner!

  • Race: Terran Terran
  • Spawn Location: 5:00

FoxeR

  • Race: Terran Terran
  • Spawn Location: 11:00

VOD

Have the link to the VOD?

Description

Time

  • Played on: Sept. 6, 2019, 2:21 p.m.
  • Length: 11:26
Show
View Real Time Build Order
Export as new Build Order

Vindicta Terran - Winner!

Build Orders: Gas First Reaper Expand 

Get SALT Encoding   

  12  0:00  SCV  
  13  0:12  SCV  
  14  0:17  Supply Depot  
  14  0:24  SCV  
  15  0:30  Refinery  
  15  0:38  SCV  
  16  0:44  Barracks  
  16  0:51  SCV  
  17  1:03  SCV  
  18  1:15  SCV  
  19  1:31  Orbital Command, Reaper  
  20  1:47  Command Center  
  20  1:58  Factory  
  20  2:02  SCV  
  20  2:07  Barracks Reactor  
  21  2:16  SCV, Supply Depot  
  21  2:24  Refinery  
  21  2:28  SCV  
  22  2:41  SCV  
  22  2:43  Starport  
  23  2:52  Hellion x2  
  23  2:53  SCV  
  23  2:57  Barracks Tech Lab  
  28  3:04  Orbital Command  
  28  3:05  SCV  
  29  3:14  Hellion  
  29  3:17  Hellion  
  33  3:21  SCV  
  33  3:25  Medivac  
  36  3:31  SCV  
  36  3:33  Supply Depot  
  36  3:34  SCV  
  38  3:41  Bunker  
  37  3:43  SCV  
  37  3:48  SCV  
  39  3:49  Factory Tech Lab  
  39  3:51  Marine x2  
  39  3:55  Raven  
  43  3:56  SCV  
  43  4:02  SCV  
  45  4:08  Marine, SCV  
  45  4:09  Marine  
  47  4:16  SCV  
  48  4:18  Siege Tank  
  48  4:20  Supply Depot  
  48  4:21  SCV  
  48  4:22  Supply Depot  
  52  4:26  Marine x2  
  54  4:41  SCV x2  
  54  4:42  Supply Depot  
  56  4:52  Command Center  
  56  4:56  Raven  
  56  4:58  SCV  
  56  4:59  Marine x2, SCV  
  62  5:06  Supply Depot, Refinery  
  62  5:07  Refinery  
  58  5:10  SCV  
  58  5:11  SCV  
  59  5:16  Siege Tank  
  59  5:17  Marine x2  
  64  5:22  SCV  
  64  5:23  SCV  
  65  5:34  SCV  
  67  5:35  SCV  
  67  5:44  Barracks  
  67  5:45  Barracks  
  67  5:46  SCV  
  67  5:47  SCV  
  67  5:48  Stimpack, Viking x2  
  73  5:58  SCV  
  73  5:59  Siege Tank, SCV, Supply Depot  
  78  6:09  Engineering Bay x2  
  78  6:10  SCV  
  79  6:13  SCV  
  79  6:17  Viking  
  79  6:18  Viking  
  84  6:20  Marine  
  84  6:23  SCV  
  84  6:25  SCV  
  87  6:26  Orbital Command  
  87  6:32  Siege Tank  
  90  6:35  SCV  
  90  6:37  SCV  
  91  6:40  Barracks Reactor  
  91  6:41  Barracks Reactor  
  91  6:45  Terran Infantry Weapons Level 1  
  89  6:47  SCV  
  89  6:51  Marine, Terran Infantry Armor Level 1  
  89  6:55  SCV  
  89  6:56  SCV  
  89  6:59  SCV, Refinery  
  92  7:02  Supply Depot, Refinery  
  92  7:07  SCV  
  93  7:08  SCV  
  93  7:09  Marine, Siege Tank, Supply Depot  
  93  7:11  SCV  
  99  7:15  Marine  
  99  7:16  Marine  
  99  7:18  Marine  
  99  7:19  SCV  
  99  7:21  Medivac x2  
  107  7:23  SCV  
  107  7:24  Supply Depot  
  107  7:28  Marine  
  109  7:30  Supply Depot  
  109  7:35  Marine x2, Combat Shield  
  111  7:38  SCV  
  111  7:39  SCV  
  111  7:40  Barracks  
  111  7:41  Marine, Barracks  
  111  7:43  SCV  
  115  7:46  Marine, Supply Depot  
  115  7:50  Marine, Siege Tank, SCV  
  121  7:53  Supply Depot  
  121  7:55  Marine  
  121  7:57  Marine  
  123  7:59  Marine, SCV  
  123  8:00  SCV  
  123  8:02  SCV  
  123  8:04  Marine  
  128  8:06  Sensor Tower  
  128  8:16  Marine  
  128  8:17  Marine x2  
  128  8:19  Marine  
  122  8:20  Medivac x2  
  122  8:22  Marine  
  122  8:23  Siege Tank  
  122  8:25  SCV  
  122  8:29  Barracks Reactor, Barracks Tech Lab  
  122  8:32  Factory  
  122  8:33  SCV x2  
  124  8:34  Armory  
  124  8:35  Supply Depot  
  124  8:38  Marine x2  
  124  8:39  Marine x2  
  124  8:40  Marine  
  127  8:55  Siege Tank  
  129  8:56  Marine x3  
  129  8:57  Marine  
  129  8:58  Marine, Barracks Reactor  
  129  9:02  Command Center  
  127  9:03  Supply Depot  
  127  9:04  SCV  
  127  9:05  Medivac  
  127  9:07  Medivac  
  127  9:08  Marine  
  127  9:09  Marine  
  133  9:14  Marine x4  
  139  9:18  SCV x2  
  140  9:27  Sensor Tower  
  139  9:33  Marine  
  139  9:34  Marine x2  
  139  9:35  Marine x2  
  139  9:36  Marine, Siege Tank x2  
  146  9:45  Marine  
  146  9:46  Marine x2  
  146  9:49  Supply Depot  
  146  9:51  Marine  
  150  9:53  Marine  
  150  9:54  Marine  
  150  9:55  Marine  
  153  10:03  Marine  
  153  10:04  Marine  
  153  10:05  Marine x3  
  148  10:08  Siege Tank  
  148  10:09  Marine  
  148  10:13  Barracks  
  152  10:15  Barracks  
  152  10:16  Marine x3  
  152  10:20  Siege Tank  
  158  10:21  Marine  
  158  10:22  Marine  
  158  10:26  Marine x2  
  162  10:29  Marine  
  163  10:40  Marine, Siege Tank  
  159  10:43  Marine x3  
  159  10:44  Marine  
  159  10:45  Marine x2  
  159  10:46  Marine  
  159  10:47  Marine  
  159  10:48  Planetary Fortress  
  158  10:52  Siege Tank  
  161  10:57  Factory x2  
  161  10:58  Marine  
  161  11:01  Marine x2  
  161  11:02  Marine  
  161  11:04  Barracks Reactor  
  164  11:05  Barracks Reactor  
  164  11:07  Marine  
  164  11:08  Command Center  
Show
View Real Time Build Order
Export as new Build Order

FoxeR Terran 

Build Orders: Gas First Reaper Expand, Mech 

Get SALT Encoding   

  12  0:00  SCV  
  13  0:12  SCV  
  14  0:17  Supply Depot  
  14  0:24  SCV  
  14  0:28  Refinery  
  15  0:39  SCV  
  16  0:44  Barracks  
  16  0:51  SCV  
  17  1:03  SCV  
  18  1:15  SCV  
  19  1:31  Orbital Command, Reaper  
  19  1:51  Command Center  
  19  1:57  Factory  
  19  2:00  SCV  
  20  2:05  Barracks Reactor  
  20  2:12  SCV  
  20  2:14  Supply Depot  
  21  2:24  SCV  
  21  2:28  Refinery  
  22  2:36  SCV  
  23  2:45  Starport  
  23  2:46  Hellion  
  23  2:47  Hellion  
  23  2:49  SCV  
  28  2:54  Barracks Tech Lab  
  28  3:01  SCV  
  29  3:08  Hellion  
  29  3:09  Hellion  
  33  3:14  Orbital Command  
  33  3:17  SCV  
  34  3:28  Barracks Tech Lab  
  34  3:29  SCV  
  35  3:34  Raven  
  35  3:40  SCV  
  38  3:41  SCV  
  39  3:49  Supply Depot  
  39  3:52  SCV  
  39  3:53  SCV  
  41  3:57  Marine, Cyclone  
  41  3:58  Marine  
  46  4:10  SCV x2  
  46  4:15  Marine  
  49  4:19  Command Center  
  49  4:22  SCV x2  
  51  4:30  Raven  
  53  4:34  SCV  
  53  4:35  Supply Depot  
  53  4:38  Refinery  
  54  4:48  Refinery  
  54  4:49  Supply Depot  
  54  4:51  Marine x2  
  54  4:52  Siege Tank, SCV x2  
  57  5:04  SCV x2  
  59  5:10  Marine x2  
  61  5:16  SCV x2  
  61  5:19  Raven  
  65  5:27  Marine  
  65  5:28  Marine, SCV x2  
  69  5:36  Siege Tank  
  69  5:38  Barracks, Orbital Command  
  69  5:39  Barracks  
  69  5:41  SCV  
  73  5:45  SCV  
  74  5:53  SCV, Engineering Bay  
  74  5:55  Engineering Bay  
  75  5:57  SCV  
  76  6:05  SCV  
  76  6:06  SCV  
  76  6:09  SCV  
  79  6:11  Marine  
  79  6:12  Stimpack  
  79  6:14  Viking  
  79  6:15  Viking  
  79  6:17  SCV  
  79  6:18  SCV  
  86  6:21  SCV, Terran Infantry Weapons Level 1  
  86  6:25  Supply Depot  
  87  6:29  SCV  
  88  6:34  Siege Tank  
  88  6:35  Barracks Reactor  
  88  6:36  SCV x2, Barracks Reactor  
  93  6:41  Supply Depot  
  93  6:47  Viking x2  
  97  6:48  Barracks x2  
  97  6:54  SCV x2  
  97  6:55  Refinery  
  97  6:56  SCV  
  97  6:58  Refinery  
  97  7:01  Supply Depot  
  100  7:03  Supply Depot  
  100  7:04  Marine  
  100  7:06  SCV  
  100  7:10  Marine  
  100  7:11  Marine x2  
  100  7:13  Terran Infantry Armor Level 1  
  100  7:15  SCV x2  
  105  7:18  SCV  
  105  7:19  Marine  
  105  7:22  Marine, Siege Tank  
  111  7:26  Factory  
  111  7:27  SCV x2, Supply Depot  
  111  7:28  Marine  
  111  7:29  Armory  
  113  7:33  Marine x2  
  113  7:35  SCV, Viking  
  117  7:38  Viking  
  117  7:39  SCV  
  117  7:43  SCV  
  120  7:47  Marine x2, Factory  
  120  7:49  Barracks Reactor x2  
  123  7:57  Supply Depot  
  122  7:59  Supply Depot  
  122  8:00  Marine  
  122  8:05  Viking  
  122  8:08  Viking  
  113  8:21  Marine  
  113  8:22  Marine x3  
  113  8:23  Siege Tank  
  111  8:29  SCV x2  
  111  8:32  Marine x3  
  111  8:33  Marine x2  
  119  8:34  SCV  
  119  8:36  Supply Depot x2  
  119  8:39  Marine x2  
  119  8:40  Marine  
  119  8:41  Factory Tech Lab, SCV x2, Terran Vehicle Weapons Level 1  
  124  8:43  Marine  
  124  8:46  SCV  
  126  8:50  Marine  
  126  8:53  Marine x2, SCV x2  
  126  8:55  Siege Tank  
  134  8:56  Marine x2  
  134  8:57  Marine x2, Medivac  
  134  8:58  SCV, Medivac  
  134  9:01  Supply Depot  
  134  9:02  Marine x2  
  143  9:04  Supply Depot  
  143  9:05  SCV x2  
  143  9:08  Marine  
  148  9:10  Siege Tank, SCV  
  148  9:13  Combat Shield  
  148  9:16  Marine x2  
  154  9:17  Marine x3  
  154  9:22  Marine x2  
  154  9:23  Supply Depot  
  159  9:25  Supply Depot  
  159  9:27  Medivac, Supply Depot  
  150  9:35  Siege Tank  
  144  9:41  Engineering Bay x2  
  138  9:50  Marine  
  138  9:52  Marine x3  
  143  9:56  Factory  
  140  10:01  Command Center  
  140  10:03  Marine x2  
  139  10:07  Medivac x2  
  139  10:09  Refinery x2  
  143  10:15  Supply Depot  
  139  10:26  Marine  
  140  10:32  Sensor Tower  
  140  10:37  Viking  
  132  10:44  Marine  
  132  10:45  Marine  
  132  10:48  Marine x2  
  100  10:50  Marine x5  
  100  10:51  Siege Tank  
  104  10:57  Factory Tech Lab  
  104  11:01  Marine  
  104  11:03  Marine  
  103  11:06  Marine x2  
  103  11:07  Marine  
  103  11:08  Marine x3  
Tags
 
Add a new tag
Caveats
  • Supply blocks, unpowered buildings, or Contaminate may cause inaccurate times.
  • Supply counts are checked every 10 seconds.